 Dungeon Sprint DCSS version 0.30.0-13-g156ef70053 (webtiles) character file.

Game seed: 2324103922773270077

9 fozzywoppz the Sneak (level 2, -1/17 HPs)
             Began as an Octopode Enchanter on May 17, 2023.
             Slain by a human (9 damage)
             ... in the Dungeon (Sprint III: "The Ten Rune Challenge").
             The game lasted 00:00:44 (43 turns).

fozzywoppz the Sneak (Octopode Enchanter)             Turns: 43, Time: 00:00:44

Health: -1/17      AC:  1    Str:  7    XL:     2   Next: 12%
Magic:  3/5        EV: 13    Int: 17    God:
Gold:   0          SH:  0    Dex: 12    Spells: 6/6 levels left

rFire   . . .        a - +1 dagger
rCold   . . .        (no shield)
rNeg    . . .        (helmet restricted)
rPois   .            (no amulet)
rElec   .            (no ring)
rCorr   .            (no ring)
SInv    .            (no ring)
Will    .....        (no ring)
Stlth   +++++        (no ring)
HPRegen 0.22/turn    (no ring)
MPRegen 0.09/turn    (no ring)
                     (no ring)

%: no teleportation
@: no status effects
A: almost no armour, amphibious, 8 rings, camouflage 1, gelatinous body 1,
nimble swimmer 1, tentacles
a: no special abilities


You were in the Dungeon.
You visited 1 branch

Inventory:

Hand Weapons
 a - a +1 dagger (weapon)
Scrolls
 h - a scroll of blinking
 i - a scroll of enchant weapon {unknown}
Potions
 b - 2 potions of invisibility
 c - a potion of curing
 d - a potion of heal wounds
 e - a potion of haste
 f - 2 potions of magic
 g - a potion of berserk rage


   Skills:
 + Level 1.9 Short Blades
 + Level 2.6 Dodging
 + Level 4.8 Stealth
 + Level 2.5 Spellcasting
 + Level 3.5 Hexes


You had 6 spell levels left.
You didn't know any spells.
Your spell library contained the following spells:

 Spells                   Type           Power      Damage    Failure   Level
 Confusing Touch          Hex            14%        N/A       13%         3
 Tukima's Dance           Hex            14%        N/A       13%         3
 Ensorcelled Hibernation  Hex/Ice        16%        N/A       14%         2
 Dazzling Flash           Conj/Hex       16%        N/A       26%         3


Dungeon Overview and Level Annotations

Branches:
Dungeon (1/1)

Altars:


Innate Abilities, Weirdness & Mutations

You cannot wear most types of armour.
You are amphibious.
You can wear up to eight rings at the same time.
Your skin changes colour to match your surroundings (Stealth+).
Your rubbery body absorbs attacks. (AC +1, EV +1)
You are camouflaged when in or above water. (Stealth+)
You have tentacles for arms and can constrict up to eight enemies at once.


Message History

You puncture the endoplasm!
You kill the endoplasm!
You see here a +0 club.
You open the door.
A rat comes into view.
A rat comes into view.
Found a scroll labelled QEXKAGUUMUTZ.
There is an open door here.
The helpless rat fails to defend itself.
You puncture the rat!
You kill the rat!
The helpless rat fails to defend itself.
You puncture the rat!
You kill the rat!
i - a scroll labelled QEXKAGUUMUTZ You open the door.
There is an open door here.
You enter the shallow water.
A human comes into view.
A phantom comes into view.
The human shouts!
The helpless phantom fails to defend itself.
You puncture the phantom!
You destroy the phantom!
You have reached level 2!
You enter the shallow water.
The human splashes around in the water.
You closely miss the human. Your grab misses the human.
The human splashes around in the water.
You miss the human. Your grab misses the human. The human hits you!
Ouch! That really hurt!
You hit the human. Your grab misses the human.
The human is lightly wounded.
The human misses you.
You hit the human but do no damage. Your grab misses the human.
Your squeeze misses the human.
The human is lightly wounded.
The human hits you!
Ouch! That really hurt!
You die...

▓▓▓▓ ▓▓▓▓▓▓▓ ▓<.#
+..... ▓..#
#....♣♣♣
▓#'####....♣.♣
▓.....#....~♣
▓.....#...@~♣♣ ♣♣
▓....)#..~~p~♣..♣
▓####'#..~≈≈~~~♣♣.
▓.....#.~~≈~~~....#
▓...†.#.~≈~~~.....#
▓.....#.~~~.......#
▓'#####...........#
▓.................#
▓▓▓▓▓▓▓▓▓▓▓▓▓▓▓▓▓▓▓


You could see a human.

Vanquished Creatures
  A phantom (D)
  2 endoplasms (D)
  2 rats (D)
5 creatures vanquished.

Notes
Turn   | Place    | Note
-------+----------+-------------------------------------------
     0 | D        | fozzywoppz the Octopode Enchanter began the quest for the
                  | Orb.
     0 | D        | Reached XP level 1. HP: 11/11 MP: 3/3
    38 | D        | Reached XP level 2. HP: 17/17 MP: 3/5
    43 | D        | Slain by a human

Illustrated notes

Levels and vault maps discovered:
D:        dungeon_sprint_mu [sprint_mu_entry_forest, sprint_mu_temple_rooms,
          sprint_mu_d1_spiders, sprint_mu_d2_genie, sprint_mu_d3_branching,
          sprint_mu_orc_legion, sprint_mu_elf_gauntlet, sprint_mu_hive_nellie,
          sprint_mu_lair_fedhas, sprint_mu_vaults_butterflies,
          sprint_mu_slime_circle, sprint_mu_shoals_archi,
          sprint_mu_snake_twists, sprint_mu_blade_basic, sprint_mu_crypt_lich,
          sprint_mu_tomb_spiral, sprint_mu_vestibule_basic,
          sprint_mu_gehenna_hellfire, sprint_mu_dis_giant,
          sprint_mu_tartarus_statrot, sprint_mu_cocytus_islands, sprint_mu_zot1]

Action                     || total
---------------------------++-------
  Melee: Dagger            ||     9
   Stab: Sleeping          ||     5
  Dodge: Dodged            ||     1
